Map: Nightshade LE

Players

Koda - Winner!

  • Race: Terran Terran
  • League: Master
  • Spawn Location: 11:00

Guss

  • Race: Zerg Zerg
  • League: Diamond
  • Spawn Location: 5:00

VOD

Have the link to the VOD?

Description

Time

  • Played on: Jan. 23, 2020, 1:36 a.m.
  • Length: 10:39
Show
View Real Time Build Order
Export as new Build Order

Koda Terran - Winner!

Build Orders: Hellion Opening, Reaper Expand 

Get SALT Encoding   

  12  0:00  SCV  
  13  0:12  SCV  
  14  0:17  Supply Depot  
  14  0:25  SCV  
  15  0:38  SCV  
  15  0:40  Barracks  
  16  0:44  Refinery  
  16  0:50  SCV  
  17  1:03  SCV  
  18  1:15  SCV  
  19  1:27  Orbital Command  
  19  1:28  Reaper  
  20  1:41  Command Center  
  20  1:53  Bunker, SCV  
  21  2:00  Supply Depot  
  21  2:02  Marine  
  21  2:06  SCV  
  23  2:15  Factory  
  23  2:22  SCV  
  24  2:25  Barracks Reactor  
  24  2:34  SCV  
  25  2:46  Command Center  
  25  2:49  SCV  
  26  2:55  Orbital Command  
  26  3:04  SCV  
  27  3:08  Hellion  
  31  3:13  Hellion  
  31  3:16  SCV  
  31  3:17  Barracks Tech Lab  
  32  3:22  SCV  
  33  3:29  SCV  
  33  3:30  Hellion  
  33  3:34  Hellion, SCV  
  39  3:36  Starport  
  39  3:41  SCV  
  39  3:46  Stimpack  
  40  3:51  Hellion  
  40  3:55  Hellion, SCV x2  
  46  3:58  Orbital Command  
  46  4:02  Refinery  
  46  4:04  Refinery  
  46  4:08  SCV  
  46  4:09  SCV  
  48  4:12  Hellion  
  48  4:13  Viking  
  54  4:17  Hellion  
  54  4:24  Barracks  
  54  4:29  Barracks  
  54  4:32  Engineering Bay  
  54  4:33  Engineering Bay  
  54  4:34  SCV  
  54  4:35  SCV  
  54  4:36  SCV  
  57  4:41  Supply Depot  
  57  4:44  Starport Reactor  
  57  4:48  SCV x2  
  59  4:53  Factory Tech Lab  
  59  4:55  Supply Depot  
  59  4:56  SCV  
  60  5:00  Terran Infantry Weapons Level 1, Terran Infantry Armor Level 1  
  60  5:01  SCV  
  60  5:06  Supply Depot  
  61  5:09  SCV  
  62  5:17  SCV  
  63  5:21  Refinery  
  63  5:25  Combat Shield  
  63  5:26  SCV x2  
  63  5:27  Marine x2  
  63  5:28  Marine  
  68  5:29  SCV, Supply Depot  
  68  5:30  Starport Reactor, Supply Depot  
  68  5:35  Siege Tank  
  72  5:36  Marine x2  
  72  5:39  SCV  
  72  5:41  Supply Depot  
  75  5:43  Orbital Command  
  75  5:45  SCV  
  75  5:46  Marine x3  
  75  5:49  Armory  
  79  5:54  SCV  
  80  5:58  SCV  
  80  5:59  Marine x2  
  80  6:03  Supply Depot  
  83  6:04  Marine  
  83  6:07  Siege Tank  
  83  6:11  Medivac  
  89  6:12  SCV  
  89  6:15  Medivac  
  89  6:17  Marine x4  
  96  6:22  Marine  
  96  6:24  Barracks, SCV  
  98  6:25  SCV  
  98  6:26  Barracks, SCV  
  100  6:36  SCV  
  100  6:37  Marine  
  100  6:38  Marine x3, SCV  
  106  6:48  Marine  
  106  6:51  SCV  
  108  6:55  Marine  
  108  6:59  Marine  
  110  7:07  Marine x3  
  113  7:09  Medivac x2  
  113  7:15  Barracks Reactor x2  
  117  7:20  Command Center  
  117  7:21  Marine, SCV  
  117  7:22  Marine, Factory  
  117  7:25  Marine x2  
  117  7:26  Marine  
  109  7:33  SCV  
  109  7:36  Siege Tank  
  92  7:37  Terran Infantry Weapons Level 2  
  92  7:38  Terran Infantry Armor Level 2  
  92  7:39  Marine, SCV  
  92  7:40  Marine  
  92  7:43  Marine x3, Refinery  
  98  7:44  Refinery  
  98  7:45  SCV  
  98  7:46  SCV  
  95  7:51  SCV  
  95  7:53  Marine x4  
  95  7:55  Medivac x2  
  95  7:56  Marine  
  95  7:57  SCV  
  95  7:58  Marine, SCV, Supply Depot  
  107  8:00  Marine, Supply Depot  
  107  8:01  Marine x2  
  107  8:03  Supply Depot  
  111  8:07  SCV  
  111  8:09  Hellion, SCV  
  111  8:11  Marine  
  111  8:12  SCV  
  117  8:15  Factory Tech Lab  
  117  8:19  Marine x6  
  124  8:20  SCV, Supply Depot x2  
  124  8:22  SCV  
  124  8:23  Marine x2  
  127  8:29  Marine  
  127  8:31  Supply Depot  
  127  8:32  SCV  
  127  8:33  Supply Depot  
  129  8:34  Supply Depot  
  129  8:37  Marine  
  129  8:40  Marine x5  
  129  8:41  Marine  
  136  8:42  Marine  
  136  8:44  Supply Depot  
  136  8:45  Supply Depot  
  136  8:46  Marine  
  138  8:49  SCV x2  
  138  8:51  Siege Tank, Supply Depot  
  138  8:52  Siege Tank  
  138  8:55  Marine  
  143  8:57  Marine  
  143  8:58  Marine x4  
  143  8:59  Marine  
  143  9:00  Marine  
  150  9:04  Marine  
  150  9:05  SCV  
  150  9:08  SCV x2  
  154  9:13  Marine  
  154  9:15  Marine x2  
  157  9:17  Barracks  
  157  9:18  Barracks  
  157  9:19  Barracks  
  157  9:23  Siege Tank, Marine  
  157  9:24  Marine x5  
  162  9:27  Siege Tank  
  169  9:33  Marine x2  
  170  9:41  Medivac x2  
  170  9:43  Marine x5  
  179  9:47  Planetary Fortress, Supply Depot x2  
  179  9:50  Marine  
  179  9:51  Marine x2  
  182  9:53  SCV  
  182  9:55  Siege Tank  
  176  10:10  Marine x6  
  176  10:11  Marine  
  176  10:13  SCV  
  178  10:15  Marine x2  
  178  10:21  Barracks Tech Lab x3  
  176  10:25  Refinery  
Show
View Real Time Build Order
Export as new Build Order

Guss Zerg 

Build Orders: Hatch First 

Get SALT Encoding   

  12  0:01  Drone  
  13  0:13  Overlord  
  13  0:19  Drone  
  14  0:31  Drone x2  
  14  0:35  Drone  
  17  0:53  Hatchery  
  17  0:56  Drone  
  17  0:58  Drone  
  18  1:10  Extractor  
  17  1:13  Spawning Pool  
  17  1:15  Drone  
  17  1:19  Drone  
  18  1:29  Drone  
  19  1:40  Overlord  
  19  1:53  Drone  
  20  2:05  Queen x2  
  20  2:07  Drone x2  
  26  2:12  Metabolic Boost  
  26  2:17  Zergling x4  
  28  2:30  Hatchery  
  28  2:34  Drone  
  28  2:37  Drone  
  28  2:38  Drone  
  28  2:41  Drone  
  31  2:48  Queen  
  33  2:57  Drone x3  
  36  3:04  Overlord  
  36  3:12  Overlord  
  36  3:23  Zergling x6  
  36  3:26  Drone x4  
  43  3:33  Drone x2  
  45  3:39  Drone  
  46  3:45  Queen x2  
  46  3:48  Queen  
  52  4:02  Overlord x3  
  52  4:11  Drone x2  
  52  4:12  Drone x4  
  58  4:34  Drone x3  
  58  4:35  Drone x7  
  58  4:38  Overlord  
  68  4:48  Overlord  
  68  4:49  Overlord x2, Zergling x2  
  68  4:50  Zergling x4  
  71  5:06  Drone x2  
  73  5:07  Baneling Nest, Drone  
  73  5:10  Zergling x8  
  77  5:24  Zergling x10  
  77  5:25  Zergling x4  
  77  5:27  Zergling x12  
  90  5:32  Zergling x2  
  91  5:41  Drone x2  
  93  5:45  Queen x2  
  93  5:48  Drone x4  
  103  5:52  Extractor x2  
  103  5:53  Extractor  
  103  5:55  Lair  
  103  5:56  Overlord  
  103  5:57  Overlord x4  
  95  6:07  Hatchery, Drone x4  
  95  6:08  Drone x2  
  100  6:12  Drone  
  101  6:21  Hatchery  
  101  6:22  Extractor  
  101  6:25  Extractor  
  98  6:29  Evolution Chamber x2  
  96  6:41  Drone x4  
  96  6:42  Drone x2  
  102  6:49  Drone x3  
  105  6:56  Zerg Melee Weapons Level 1, Zerg Ground Armor Level 1  
  105  6:57  Centrifical Hooks  
  105  7:00  Baneling x10  
  105  7:01  Zergling x2  
  105  7:02  Zergling x22  
  117  7:12  Baneling x3  
  117  7:13  Baneling x4  
  110  7:26  Zergling x4  
  110  7:27  Zergling x18  
  87  7:38  Zergling x2  
  87  7:39  Zergling x10  
  92  7:46  Drone  
  92  7:47  Drone  
  90  7:56  Drone x2  
  90  7:57  Drone x3  
  96  7:58  Drone  
  96  8:02  Queen, Drone x2  
  100  8:13  Overlord x3  
  100  8:14  Overlord x2  
  100  8:19  Hydralisk Den  
  99  8:20  Zergling x10  
  99  8:26  Baneling x5, Spore Crawler  
  99  8:27  Baneling x3  
  103  8:28  Spore Crawler  
  101  8:45  Baneling x2  
  101  8:46  Baneling x9  
  101  8:48  Drone  
  101  8:49  Drone x12  
  112  8:59  Zergling x2  
  112  9:00  Zergling x20  
  122  9:04  Drone  
  123  9:13  Grooved Spines  
  123  9:15  Infestation Pit  
  122  9:20  Drone  
  122  9:21  Spore Crawler, Drone x7  
  122  9:22  Spore Crawler  
  128  9:26  Extractor x2  
  125  9:36  Hydralisk  
  125  9:37  Hydralisk x12  
  151  9:42  Queen x3  
  159  9:48  Overseer x3  
  159  9:56  Zergling x2  
  159  9:57  Zergling x16  
  147  10:10  Zergling x2  
  147  10:11  Zergling x20  
Tags
 
Add a new tag
Caveats
  • Supply blocks, unpowered buildings, or Contaminate may cause inaccurate times.
  • Supply counts are checked every 10 seconds.